| TOP OF THE 1ST |
|
Minnesota Twins batting - Pitching for Detroit Tigers : LHP Bobby Jones
|
|
Pitching: LHP Bobby Jones
|
|
|
Batting: LHB Peer Derks
|
0-0: Called Strike 0-1: Ball 1-1: Foul Ball, location: 2F 1-2: Strikes out swinging
|
|
Batting: RHB Will Leslie
|
0-0: Ball 1-0: Ball 2-0: Swinging Strike 2-1: Ball 3-1: Foul Ball, location: 2F 3-2: Strikes out swinging
|
|
Batting: RHB Greg Harman
|
0-0: Foul Ball, location: 2F 0-1: Swinging Strike 0-2: Foul Ball, location: 2F 0-2: Strikes out looking
|
| Top of the 1st over - 0 runs, 0 hits, 0 errors, 0 left on base; Minnesota 0 - Detroit 0 |
| BOTTOM OF THE 1ST |
|
Detroit Tigers batting - Pitching for Minnesota Twins : LHP Luis Perez
|
|
Pitching: LHP Luis Perez
|
|
|
Batting: LHB Dave Carlisle
|
0-0: Called Strike 0-1: Foul Ball, location: 2F 0-2: Ball 1-2: Strikes out swinging
|
|
Batting: LHB Bill Ford
|
0-0: Ball 1-0: Called Strike 1-1: Ball 2-1: Ground out 6-3 (Groundball, 6, EV 108.8 MPH)
|
|
Batting: SHB Ross Holland
|
0-0: Ball 1-0: Ball 2-0: Foul Ball, location: 2F 2-1: Called Strike 2-2: Strikes out swinging
|
| Bottom of the 1st over - 0 runs, 0 hits, 0 errors, 0 left on base; Minnesota 0 - Detroit 0 |
| TOP OF THE 2ND |
|
Minnesota Twins batting - Pitching for Detroit Tigers : LHP Bobby Jones
|
|
Batting: RHB Miguel Gonzalez
|
0-0: Ball 1-0: Ball 2-0: Ball 3-0: Called Strike 3-1: SINGLE (Line Drive, 56D, EV 93.8 MPH)
|
|
Batting: LHB Ryan Flynn Jr.
|
0-0: Called Strike Miguel Gonzalez steals 2nd, throwing error, E2 Miguel Gonzalez to third 0-1: Ball 1-1: Ball 2-1: Ball 3-1: Swinging Strike 3-2: Strikes out swinging
|
|
Batting: RHB Miguel Diaz
|
0-0: Called Strike 0-1: Swinging Strike 0-2: Foul Ball, location: 2F 0-2: Foul Ball, location: 2F 0-2: Fly out, F8 (Line Drive, 8RM, EV 90.0 MPH)
|
|
Batting: LHB Harris Vink
|
0-0: Foul Ball, location: 2F 0-1: Called Strike 0-2: SINGLE (Groundball, 4MS, EV 71.9 MPH) (infield hit) Miguel Gonzalez scores
|
|
Batting: RHB Matt Dunn
|
0-0: Called Strike 0-1: Ball 1-1: Ground out 4-3 (Groundball, 4D, EV 103.1 MPH)
|
| Top of the 2nd over - 1 run, 2 hits, 1 error, 1 left on base; Minnesota 1 - Detroit 0 |
| BOTTOM OF THE 2ND |
|
Detroit Tigers batting - Pitching for Minnesota Twins : LHP Luis Perez
|
|
Batting: RHB Brady Jeleniewski
|
0-0: Ball 1-0: Ground out 5-3 (Groundball, 56S, EV 83.8 MPH)
|
|
Batting: RHB Dan Friess
|
0-0: Ball 1-0: Ball 2-0: Ball 3-0: Base on Balls
|
|
Batting: LHB Morgan Black
|
0-0: Called Strike 0-1: Foul Ball, location: 2F 0-2: Ball 1-2: Foul Ball, location: 2F 1-2: Ball 2-2: Strikes out swinging
|
|
Batting: RHB Dan Becvar
|
0-0: Called Strike 0-1: Ball 1-1: Called Strike 1-2: Ball 2-2: Foul Ball, location: 2F 2-2: Ball 3-2: Strikes out looking
|
| Bottom of the 2nd over - 0 runs, 0 hits, 0 errors, 1 left on base; Minnesota 1 - Detroit 0 |
| TOP OF THE 3RD |
|
Minnesota Twins batting - Pitching for Detroit Tigers : LHP Bobby Jones
|
|
Batting: RHB Alex Rodriguez Jr.
|
0-0: Ground out 6-3 (Groundball, 6S, EV 75.6 MPH)
|
|
Batting: LHB Peer Derks
|
0-0: Ground out 6-3 (Groundball, 6, EV 85.0 MPH)
|
|
Batting: RHB Will Leslie
|
0-0: Ball 1-0: Foul Ball, location: 2F 1-1: Ball 2-1: Ball 3-1: Swinging Strike 3-2: Ground out 1-3 (Groundball, P, EV 75.6 MPH)
|
| Top of the 3rd over - 0 runs, 0 hits, 0 errors, 0 left on base; Minnesota 1 - Detroit 0 |
| BOTTOM OF THE 3RD |
|
Detroit Tigers batting - Pitching for Minnesota Twins : LHP Luis Perez
|
|
Batting: LHB Frank McConnell
|
0-0: Ball 1-0: Foul Ball, location: 2F 1-1: Called Strike 1-2: Strikes out swinging
|
|
Batting: RHB Jerry Jauregui
|
0-0: Foul Ball, location: 2F 0-1: Ball 1-1: Foul Ball, location: 2F 1-2: Foul Ball, location: 2F 1-2: Foul Ball, location: 2F 1-2: Ball 2-2: Strikes out swinging
|
|
Batting: LHB Dave Carlisle
|
0-0: Called Strike 0-1: Ball 1-1: DOUBLE (Flyball, 89XD, EV 111.9 MPH)
|
|
Batting: LHB Bill Ford
|
0-0: Called Strike 0-1: Ball 1-1: Ball 2-1: Foul Ball, location: 2F 2-2: Foul Ball, location: 2F 2-2: Foul Ball, location: 2F 2-2: Fly out, F9 (Flyball, 9LS, EV 74.4 MPH)
|
| Bottom of the 3rd over - 0 runs, 1 hit, 0 errors, 1 left on base; Minnesota 1 - Detroit 0 |
| TOP OF THE 4TH |
|
Minnesota Twins batting - Pitching for Detroit Tigers : LHP Bobby Jones
|
|
Batting: RHB Greg Harman
|
0-0: Ball 1-0: Foul Ball, location: 2F 1-1: Foul Ball, location: 2F 1-2: Ground out 3-1 (Groundball, 34S, EV 85.6 MPH)
|
|
Batting: RHB Miguel Gonzalez
|
0-0: Ball 1-0: Swinging Strike 1-1: Foul Ball, location: 2F 1-2: Strikes out swinging
|
|
Batting: LHB Ryan Flynn Jr.
|
0-0: Ball 1-0: Swinging Strike 1-1: Foul Ball, location: 2F 1-2: Fly out, F8 (Flyball, 8LM, EV 94.4 MPH)
|
| Top of the 4th over - 0 runs, 0 hits, 0 errors, 0 left on base; Minnesota 1 - Detroit 0 |
| BOTTOM OF THE 4TH |
|
Detroit Tigers batting - Pitching for Minnesota Twins : LHP Luis Perez
|
|
Batting: SHB Ross Holland
|
0-0: Foul Ball, location: 2F 0-1: Ball 1-1: Ball 2-1: Ball 3-1: Foul Ball, location: 2F 3-2: Base on Balls
|
|
Batting: RHB Brady Jeleniewski
|
0-0: Called Strike 0-1: Ball 1-1: Fly out, F9 (Flyball, 9LD, EV 102.5 MPH) Runner from 1st tags up, SAFE at 2nd
|
|
Batting: RHB Dan Friess
|
0-0: Swinging Strike 0-1: Called Strike 0-2: Ball 1-2: Strikes out swinging
|
|
Batting: LHB Morgan Black
|
0-0: Ball 1-0: Foul Ball, location: 2F 1-1: 2-RUN HOME RUN (Flyball, 9LD, EV 96.2 MPH), Distance : 373 ft
|
|
Batting: RHB Dan Becvar
|
0-0: Called Strike 0-1: Ball 1-1: Ball 2-1: Ball 3-1: Foul Ball, location: 2F 3-2: SINGLE (Line Drive, 89M, EV 100.0 MPH)
|
|
Batting: LHB Frank McConnell
|
Pickoff Throw to First - Out! 1-3
|
| Bottom of the 4th over - 2 runs, 2 hits, 0 errors, 0 left on base; Minnesota 1 - Detroit 2 |
| TOP OF THE 5TH |
|
Minnesota Twins batting - Pitching for Detroit Tigers : LHP Bobby Jones
|
|
Batting: RHB Miguel Diaz
|
0-0: Called Strike 0-1: SINGLE (Line Drive, 78S, EV 97.5 MPH)
|
|
Batting: LHB Harris Vink
|
0-0: Called Strike 0-1: Ball 1-1: Grounds into double play, 4-6-3 (Groundball, 34, EV 102.5 MPH)
|
|
Batting: RHB Matt Dunn
|
0-0: Ball 1-0: Swinging Strike 1-1: Ball 2-1: Swinging Strike 2-2: Strikes out swinging
|
| Top of the 5th over - 0 runs, 1 hit, 0 errors, 0 left on base; Minnesota 1 - Detroit 2 |
| BOTTOM OF THE 5TH |
|
Detroit Tigers batting - Pitching for Minnesota Twins : LHP Luis Perez
|
|
Batting: LHB Frank McConnell
|
0-0: Ball 1-0: Foul Ball, location: 2F 1-1: Ball 2-1: Ground out 4-3 (Groundball, 4, EV 103.1 MPH)
|
|
Batting: RHB Jerry Jauregui
|
0-0: SINGLE (Groundball, P, EV 81.2 MPH) (infield hit)
|
|
Batting: LHB Dave Carlisle
|
0-0: Ball 1-0: Called Strike 1-1: Called Strike 1-2: Ball 2-2: Ball 3-2: Strikes out looking Jerry Jauregui steals 2nd base Batter strikes out.
|
|
Batting: LHB Bill Ford
|
0-0: Foul Ball, location: 2F 0-1: Foul Ball, location: 2F 0-2: DOUBLE (Flyball, 8RXD, EV 105.6 MPH) Jerry Jauregui scores
|
|
Batting: SHB Ross Holland
|
0-0: Ball 1-0: SINGLE (Line Drive, 56D, EV 108.1 MPH) Bill Ford to third Runner from 3rd tries for Home, SAFE, throw by LF to home
|
|
Batting: RHB Brady Jeleniewski
|
0-0: Ball 1-0: Fly out, F3 (Popup, 34S, EV 73.8 MPH)
|
| Bottom of the 5th over - 2 runs, 3 hits, 0 errors, 1 left on base; Minnesota 1 - Detroit 4 |
| TOP OF THE 6TH |
|
Minnesota Twins batting - Pitching for Detroit Tigers : LHP Bobby Jones
|
|
Batting: RHB Alex Rodriguez Jr.
|
0-0: Called Strike 0-1: Foul Ball, location: 2F 0-2: Ball 1-2: Strikes out looking
|
|
Batting: LHB Peer Derks
|
0-0: Swinging Strike 0-1: Foul Ball, location: 2F 0-2: Ball 1-2: Foul Ball, location: 2F 1-2: Ground out 1-3 (Groundball, 15, EV 68.1 MPH)
|
|
Batting: RHB Will Leslie
|
0-0: Called Strike 0-1: Ball 1-1: Ball 2-1: Swinging Strike 2-2: Ball 3-2: Foul Ball, location: 2F 3-2: Foul Ball, location: 2F 3-2: Base on Balls
|
|
Batting: RHB Greg Harman
|
0-0: Ball 1-0: Ground out 6-3 (Groundball, 6S, EV 64.4 MPH)
|
| Top of the 6th over - 0 runs, 0 hits, 0 errors, 1 left on base; Minnesota 1 - Detroit 4 |
| BOTTOM OF THE 6TH |
|
Detroit Tigers batting - Pitching for Minnesota Twins : LHP Luis Perez
|
|
Batting: RHB Dan Friess
|
0-0: Ball 1-0: Called Strike 1-1: Ball 2-1: Foul Ball, location: 2F 2-2: Foul Ball, location: 2F 2-2: Ground out 2-3 (Groundball, 2L, EV 69.4 MPH)
|
|
Batting: LHB Morgan Black
|
0-0: Swinging Strike 0-1: Ball 1-1: Ball 2-1: SINGLE (Groundball, 3S, EV 70.0 MPH) (infield hit)
|
|
Pitching: RHP Tony Ramirez
|
|
|
Batting: RHB Dan Becvar
|
0-0: Ball 1-0: Ground out 4-3 (Groundball, 4S, EV 62.5 MPH) Morgan Black to second
|
|
Batting: LHB Frank McConnell
|
0-0: Fly out, F9 (Flyball, 9S, EV 76.2 MPH)
|
| Bottom of the 6th over - 0 runs, 1 hit, 0 errors, 1 left on base; Minnesota 1 - Detroit 4 |
| TOP OF THE 7TH |
|
Minnesota Twins batting - Pitching for Detroit Tigers : LHP Bobby Jones
|
|
Batting: RHB Miguel Gonzalez
|
0-0: Swinging Strike 0-1: Fly out, F8 (Flyball, 8RXD, EV 106.2 MPH)
|
|
Batting: LHB Ryan Flynn Jr.
|
0-0: Ball 1-0: Ball 2-0: Foul Ball, location: 2F 2-1: Called Strike 2-2: Foul Ball, location: 2F 2-2: Foul Ball, location: 2F 2-2: Ground out 4-3 (Groundball, 34D, EV 105.0 MPH)
|
|
Batting: RHB Miguel Diaz
|
0-0: Called Strike 0-1: Ball 1-1: Called Strike 1-2: Ball 2-2: Ball 3-2: Foul Ball, location: 2F 3-2: DOUBLE (Flyball, 9LD, EV 103.8 MPH)
|
|
Pitching: RHP Aaron Vallejo
|
|
|
Batting: LHB Harris Vink
|
0-0: Ball 1-0: Swinging Strike 1-1: Swinging Strike 1-2: Strikes out looking
|
| Top of the 7th over - 0 runs, 1 hit, 0 errors, 1 left on base; Minnesota 1 - Detroit 4 |
| BOTTOM OF THE 7TH |
|
Detroit Tigers batting - Pitching for Minnesota Twins : RHP Tony Ramirez
|
|
Batting: RHB Jerry Jauregui
|
0-0: Foul Ball, location: 2F 0-1: Ball 1-1: DOUBLE (Flyball, 78D, EV 101.2 MPH)
|
|
Batting: LHB Dave Carlisle
|
0-0: Ball 1-0: Ball 2-0: Called Strike 2-1: Foul Ball, location: 2F 2-2: Foul Ball, location: 2F 2-2: Fly out, F9 (Line Drive, 9LS, EV 94.4 MPH)
|
|
Batting: LHB Bill Ford
|
0-0: Ball 1-0: Ball 2-0: SINGLE (Line Drive, 5D, EV 105.6 MPH) Jerry Jauregui to third
|
|
Batting: SHB Ross Holland
|
0-0: Fly out, F8 (Flyball, 8LS, EV 86.2 MPH)
|
|
Batting: RHB Brady Jeleniewski
|
0-0: Called Strike 0-1: Called Strike 0-2: Ball 1-2: Strikes out swinging
|
| Bottom of the 7th over - 0 runs, 2 hits, 0 errors, 2 left on base; Minnesota 1 - Detroit 4 |
| TOP OF THE 8TH |
|
Minnesota Twins batting - Pitching for Detroit Tigers : RHP Aaron Vallejo
|
|
Batting: RHB Matt Dunn
|
0-0: Foul Ball, location: 2F 0-1: Ball 1-1: Ball 2-1: Ball 3-1: Swinging Strike 3-2: Base on Balls
|
|
Batting: RHB Alex Rodriguez Jr.
|
0-0: Fly out, F8 (Line Drive, 8LD, EV 91.9 MPH) Runner from 1st tags up, SAFE at 2nd
|
|
Batting: LHB Peer Derks
|
0-0: Called Strike 0-1: Foul Ball, location: 2F 0-2: Hit by Pitch
|
|
Batting: RHB Will Leslie
|
0-0: Ball 1-0: Ball 2-0: Ball 3-0: Called Strike 3-1: Called Strike 3-2: Foul Ball, location: 2F 3-2: Strikes out looking
|
|
Batting: RHB Greg Harman
|
0-0: Swinging Strike 0-1: Called Strike 0-2: Foul Ball, location: 2F 0-2: Ball 1-2: Fly out, F7 (Flyball, 7LD, EV 84.4 MPH)
|
| Top of the 8th over - 0 runs, 0 hits, 0 errors, 2 left on base; Minnesota 1 - Detroit 4 |
| BOTTOM OF THE 8TH |
|
Detroit Tigers batting - Pitching for Minnesota Twins : RHP Tony Ramirez
|
|
Pitching: RHP Andrew Kindig
|
|
|
Batting: RHB Dan Friess
|
0-0: Called Strike 0-1: Ball 1-1: Swinging Strike 1-2: Fly out, F6 (Flyball, 56D, EV 80.0 MPH)
|
|
Batting: LHB Morgan Black
|
0-0: Ball 1-0: Called Strike 1-1: Ball 2-1: Ball 3-1: Base on Balls
|
|
Batting: RHB Dan Becvar
|
0-0: Called Strike 0-1: Ball 1-1: Foul Ball, location: 2F 1-2: SINGLE (Line Drive, 56, EV 96.9 MPH) Morgan Black to second
|
|
Batting: LHB Frank McConnell
|
0-0: Ball 1-0: Called Strike 1-1: Swinging Strike 1-2: Ball 2-2: Strikes out swinging
|
|
Batting: RHB Jerry Jauregui
|
0-0: Ball 1-0: Ball Wild Pitch! Morgan Black to third Dan Becvar to second 2-0: Ball 3-0: Called Strike 3-1: Swinging Strike 3-2: Foul Ball, location: 2F 3-2: Strikes out swinging
|
| Bottom of the 8th over - 0 runs, 1 hit, 0 errors, 2 left on base; Minnesota 1 - Detroit 4 |
| TOP OF THE 9TH |
|
Minnesota Twins batting - Pitching for Detroit Tigers : RHP Aaron Vallejo
|
|
Pitching: RHP Bobby Wright
|
|
|
Batting: RHB Miguel Gonzalez
|
0-0: Called Strike 0-1: Ball 1-1: Ball 2-1: Swinging Strike 2-2: Ground out 6-3 (Groundball, 56, EV 104.4 MPH)
|
|
Batting: LHB Ryan Flynn Jr.
|
0-0: Ground out 4-3 (Groundball, 4, EV 87.5 MPH)
|
|
Batting: RHB Miguel Diaz
|
0-0: Called Strike 0-1: Fly out, F9 (Flyball, 89M, EV 93.8 MPH)
|
| Top of the 9th over - 0 runs, 0 hits, 0 errors, 0 left on base; Minnesota 1 - Detroit 4 |
|